 Dungeon Crawl Stone Soup version 0.17.0-24-gcfadda4 (webtiles) character file.

41 Gorice the Magician (level 3, -3/28 HPs)
             Began as a Demonspawn Wanderer on Nov 17, 2015.
             Slain by Natasha (10 damage)
             ... on level 2 of the Dungeon.
             The game lasted 00:05:10 (1507 turns).

Gorice the Magician (Demonspawn Wanderer)           Turns: 1507, Time: 00:05:11

Health: -3/28      AC:  2    Str: 14    XL:     3   Next: 32%
Magic:  8/8        EV: 11    Int: 11    God:
Gold:   55         SH:  0    Dex: 18    Spells: 0 memorised, 10 levels left

rFire  . . .     SeeInvis .     a - +2 hand axe
rCold  . . .     Clarity  .     d - +0 robe
rNeg   . . .     SustAt   .     (no shield)
rPois  .         Gourm    .     (helmet restricted)
rElec  .         Spirit   .     (no cloak)
rCorr  .         Warding  .     (no gloves)
rMut   .         Stasis   .     (no boots)
MR     .....                    (no amulet)
Stlth  +++.......               (no ring)
                                (no ring)

@: agile, not resistant to hostile enchantments, fairly stealthy
A: antennae 1, claws 1
a: no special abilities


You were on level 2 of the Dungeon.
You were hungry.

You visited 1 branch of the dungeon, and saw 2 of its levels.

You collected 55 gold pieces.

Inventory:

Hand Weapons
 a - a +2 hand axe (weapon)
 p - a +0 dagger of protection
   (You took it off a kobold on level 1 of the Dungeon)
Missiles
 Z - 36 stones (quivered)
Armour
 d - a +0 robe (worn)
Scrolls
 c - a scroll of teleportation {!r}
Potions
 i - a potion of brilliance {!q}
Books
 b - the Compendium of Displacement

   Spells                             Type                      Level
   a - Apportation                    Translocation                1
   b - Recall                         Summoning/Translocation      3
Comestibles
 e - 2 bread rations {!e}
 k - a meat ration {!e}


   Skills:
 + Level 2.7 Fighting
 - Level 2.3 Axes
 - Level 1.0 Stealth
   Level 1.0 Shields
 * Level 0.1 Unarmed Combat
 - Level 4.0 Spellcasting
   Level 1.1 Necromancy


You had 10 spell levels left.
You didn't know any spells.

Dungeon Overview and Level Annotations

Branches:
Dungeon (2/15)

Altars:

Annotations:
D:2 Natasha


Innate Abilities, Weirdness & Mutations

You have a pair of small antennae on your head.
You have sharp fingernails.


Message History

You climb upwards.
There is a stone staircase leading down here.
You hit the goblin.
You kill the goblin!
You start resting.
HP restored.
You climb downwards.
Level annotation: Natasha The bat barely misses you.
There is a stone staircase leading up, spattered with blood here.
Unknown command.
The bat barely misses you.
There are monsters nearby!
There are monsters nearby!
Unknown command.
Unknown command.
You hit the bat.
The bat is heavily wounded.
The bat hits you. x2
Damage: 2 (max 2)
You hit Natasha.
Natasha is lightly wounded.
You hit the bat.
You kill the bat!
Natasha drinks a potion.
Natasha seems to grow stronger.
Natasha claws you!
Damage: 12 (max 12) Unknown command.
You barely miss Natasha.
Natasha is lightly wounded.
Natasha casts a spell at you. You resist with significant effort.
Unknown command.
You hit Natasha but do no damage.
Natasha is lightly wounded.
Natasha barely misses you.
Unknown command.
You hit Natasha but do no damage.
Natasha is lightly wounded.
Natasha stares at you and mumbles some strange words.
The magic dart hits you!
* * * LOW HITPOINT WARNING * * *
Damage: 8 (max 12) Unknown command.
Drink which item? (? for menu, Esc to quit)
Really quaff
f - a potion of agility {!q}?
You feel agile all of a sudden.
Natasha mumbles some strange words.
Unknown command.
Natasha claws you!
You die...

.##..?.....#
.....[.....#
...........#
#..........#
#........<#
#.........#
##..5.h.†.##
.......@...#
##.........#
#.........#
#..?......#
#.!.......#
#...$.......
..##........?
.#
#.#........


You could see an iron imp and Natasha.

Vanquished Creatures
  An ooze (D:1)
  3 giant geckos (D:1)
  2 hobgoblins (D:1)
  4 jackals (D:1)
  7 kobolds (D:1)
  A ball python (D:1)
  5 bats
  A giant newt (D:1)
  4 goblins (D:1)
  5 rats (D:1)
  A plant (D:1)
34 creatures vanquished.

Notes
Turn   | Place    | Note
--------------------------------------------------------------
     0 | D:1      | Gorice the Demonspawn Wanderer began the quest for the Orb.
     0 | D:1      | Gorice set off with: a +2 hand axe, the Compendium of Displacement, a scroll of teleportation {!r}, a +0 robe, a bread ration {!e}
     0 | D:1      | Reached XP level 1. HP: 16/16 MP: 5/5
     0 | D:1      | Identified the Compendium of Displacement
    84 | D:1      | HP: 4/16 [giant gecko (3)]
   109 | D:1      | HP: 3/16 [giant gecko (2)]
   364 | D:1      | Gained mutation: You have a pair of small antennae on your head. [demonic ancestry]
   364 | D:1      | Reached XP level 2. HP: 12/23 MP: 7/7
   498 | D:1      | Reached skill level 2 in Axes
  1026 | D:2      | Noticed Natasha
  1034 | D:1      | Gained mutation: You have sharp fingernails. [demonic ancestry]
  1034 | D:1      | Reached XP level 3. HP: 21/28 MP: 8/8
  1142 | D:1      | HP: 8/28 [hobgoblin/club (2)]
  1505 | D:2      | HP: 6/28 [Natasha/magic dart (8)]
  1507 | D:2      | Slain by Natasha

Action                   || total
-------------------------++-------
Melee: Hand axe          ||    96
  Use: Scroll            ||     4
       Potion            ||     1
 Stab: Sleeping          ||     1
  Eat: Chunk             ||     1

Table legend:
 A = Turns spent in this place as a percentage of turns spent in the entire game.
 B = Non-inter-level travel turns spent in this place as a percentage of non-inter-level travel turns spent in the entire game.
 C = Inter-level travel turns spent in this place as a percentage of turns spent in this place.
 D = Turns resting spent in this place as a percentage of non-inter-level travel turns spent in this place.
 E = Turns spent auto-exploring this place as a percentage of non-inter-level travel turns spent in this place.
 F = Non-inter-level travel turns spent in this place divided by the number of levels of this place that you've seen.
                   A       B       C       D       E      F
               +-------+-------+-------+-------+-------+----------------------
         Total | 100.0 | 100.0 |   0.5 |   3.3 |   5.9 | 195.0
       Dungeon | 100.0 | 100.0 |   0.5 |   3.3 |   5.9 | 195.0
               +-------+-------+-------+-------+-------+----------------------

Vault maps used:
D:1:      saegor_arrival_under_anarchy, serial_park_tiny_pond,
          hangedman_abyss_or_decor_stabs, grunt_decor_one_mirror,
          lexackson_kobold_supper
D:2:      first_bread, uniq_sigmund, uniq_natasha
